 Dungeon Crawl Stone Soup version 0.30-b1-2-g02819fbbbe (webtiles) character file.

Game seed: 312466604897055132

334399 sanka the Sensei (level 20, -8/267 HPs)
             Began as a Purple Draconian Delver on May 20, 2023.
             Was the Champion of Makhleb.
             Mangled by a +2 dire flail of venom (16 damage)
             ... on level 2 of the Elven Halls.
             The game lasted 01:48:35 (43882 turns).

sanka the Sensei (Purple Draconian Delver)         Turns: 43882, Time: 01:48:35

Health: -8/267     AC: 24    Str: 23    XL:     20   Next: 94%
Magic:  36/36      EV: 18    Int: 14    God:    Makhleb [******]
Gold:   1962       SH:  0    Dex: 18    Spells: 26/43 levels left

rFire   . . .        b - melded +9 arbalest of Eternal Night {speed, Dex+3}
rCold   . . .        (shield currently unavailable)
rNeg    . . .        (body armour unavailable)
rPois   +            A - melded +0 hat
rElec   .            K - melded +2 cloak {Stlth+}
rCorr   .            Y - melded +2 pair of gloves
SInv    .            T - melded +2 pair of boots
Will    ++++.        W - amulet of Immorality {Will+ Regen+}
Stlth   +++          X - +4 ring of protection
HPRegen 1.44/turn    q - +5 ring of evasion
MPRegen 0.25/turn

%: no passive effects
@: lethally poisoned (-8 -> -10), about to teleport, dragon-form, flying,
studying Earth Magic
A: dragon claw, dragon scales, flying, boosted hp, breathe power, AC +10, giant,
unfitting armour, (cold-blooded), weak 1
}: 2/15 runes: decaying, serpentine
a: Breathe Dispelling Energy, End Transformation, Renounce Religion, Minor
Destruction, Lesser Servant of Makhleb, Major Destruction, Greater Servant of
Makhleb


You were on level 2 of the Elven Halls.
You worshipped Makhleb.
Makhleb was exalted by your worship.
You were a fearsome quicksilver dragon!
You visited 7 branches of the dungeon, and saw 36 of its levels.
You also visited: Ossuary and Ice Cave.

You collected 4441 gold pieces.
You spent 2479 gold pieces at shops.

Inventory:

Hand Weapons
 b - the +9 arbalest of Eternal Night (melded) {speed, Dex+3}
   (You found it on level 4 of the Vaults)

   Dex:       It affects your dexterity (+3).
Armour
 A - a +0 hat (melded)
 K - a +2 cloak of stealth (melded)
 T - a +2 pair of boots (melded)
 Y - a +2 pair of gloves (melded)
Magical Staves
 z - a staff of air
Jewellery
 q - a +5 ring of evasion (right foreclaw)
 u - the ring "Peatto" {Wiz rF+ Slay+2 SInv}
   (You acquired it on level 8 of the Dungeon)

   [ring of wizardry]

   It improves your spell success rate.
   Slay:      It affects your accuracy & damage with ranged weapons and melee
   (+2).
   rF:        It protects you from fire.
   SInv:      It lets you see invisible.
 v - the ring of the Messenger {+Blink rElec rPois Int-5}
   (You found it on level 1 of the Snake Pit)

   [ring of poison resistance]

   Int:       It affects your intelligence (-5).
   rElec:     It insulates you from electricity.
   rPois:     It protects you from poison.
   +Blink:    It lets you blink.
 y - a ring of flight
 N - a ring of ice
 W - the amulet of Immorality (around neck) {Will+ Regen+}
   (You bought it in a shop on level 2 of the Orcish Mines)

   [amulet of regeneration]

   Regen:     It increases your rate of health regeneration.
   Will:      It increases your willpower.
 X - a +4 ring of protection (left foreclaw)
Wands
 e - a wand of digging (9)
 k - a wand of roots (5)
 P - a wand of acid (7)
Scrolls
 a - 7 scrolls of fog
 c - 5 scrolls of fear
 i - 4 scrolls of silence {!r}
 j - 9 scrolls of magic mapping
 n - 8 scrolls of blinking
 D - 17 scrolls of teleportation {@r4}
 E - 4 scrolls of butterflies
Potions
 f - 11 potions of curing {@q1}
 l - 7 potions of heal wounds {@q2}
 m - 9 potions of brilliance
 o - 3 potions of invisibility
 r - a potion of ambrosia
 t - 9 potions of flight
 x - 6 potions of might
 C - 3 potions of cancellation
 F - 3 potions of attraction {!q}
 G - a potion of resistance
 H - 3 potions of mutation {!q}
 I - 4 potions of haste {@q3}
 Q - 3 potions of berserk rage {!q}
 S - 8 potions of magic


   Skills:
 - Level 15.0 Fighting
 - Level 10.0 Dodging
 - Level 5.0 Stealth
 + Level 21.5 Unarmed Combat
 - Level 12.0 Spellcasting
 - Level 3.0 Conjurations
 - Level 20.0 Transmutations
 - Level 18.0 Invocations


You had 26 spell levels left.
You knew the following spells:

 Your Spells              Type           Power      Damage    Failure   Level
a - Dragon Form           Tmut           29%        N/A       1%          7
b - Blade Hands           Tmut           29%        N/A       1%          5
c - Irradiate             Conj/Tmut      20%        3d18      1%          5

Your spell library contained the following spells:

 Spells                   Type           Power      Damage    Failure   Level
 Ignite Poison            Fire/Tmut/Pois 27%        N/A       1%          3
 Ice Form                 Ice/Tmut       36%        N/A       1%          4
 Petrify                  Tmut/Erth      36%        N/A       1%          4
 Foxfire                  Conj/Fire      48%        2x1d6     4%          1
 Kiss of Death            Conj/Necr      48%        2d9       4%          1
 Shock                    Conj/Air       48%        1d6       4%          1
 Momentum Strike          Conj/Tloc      24%        3d8       7%          2
 Apportation              Tloc           16%        N/A       9%          1
 Necrotise                Necr           32%        1d5       9%          1
 Slow                     Hex            32%        N/A       9%          1
 Summon Small Mammal      Summ           32%        N/A       9%          1
 Blink                    Tloc           16%        N/A       13%         2
 Cigotuvi's Dreadful Rot  Necr/Pois/Air  16%        N/A       13%         2
 Lesser Beckoning         Tloc           16%        N/A       13%         2
 Scorch                   Fire           16%        2d6       13%         2
 Sublimation of Blood     Necr           8%         N/A       13%         2
 Call Canine Familiar     Summ           8%         N/A       26%         3
 Confusing Touch          Hex            8%         N/A       26%         3
 Frozen Ramparts          Ice            16%        1d3       26%         3
 Gell's Gravitas          Tloc           8%         N/A       26%         3
 Portal Projectile        Hex/Tloc       16%        N/A       26%         3
 Summon Guardian Golem    Hex/Summ       8%         N/A       26%         3
 Swiftness                Air            8%         N/A       26%         3
 Teleport Other           Tloc           8%         N/A       26%         3
 Tukima's Dance           Hex            8%         N/A       26%         3
 Vampiric Draining        Necr           8%         2d6       26%         3
 Flame Wave               Conj/Fire      12%        2d6       41%         4
 Sticky Flame             Conj/Fire      12%        2d4       41%         4
 Airstrike                Air            4%         2d(1-17)  63%         4
 Anguish                  Hex/Necr       4%         N/A       63%         4
 Dispel Undead            Necr           8%         3d8       63%         4
 Passage of Golubria      Tloc           8%         N/A       63%         4
 Summon Ice Beast         Ice/Summ       8%         N/A       63%         4
 Fireball                 Conj/Fire      6%         3d5       77%         5
 Freezing Cloud           Conj/Ice/Air   5%         6-21      83%         5
 Silence                  Hex/Air        4%         N/A       93%         5
 Dispersal                Tloc           4%         N/A       100%        6
 Iron Shot                Conj/Erth      6%         9d2       100%        6
 Plasma Beam              Fire/Air       4%         2x1d15    100%        6
 Simulacrum               Ice/Necr       4%         N/A       100%        6
 Starburst                Conj/Fire      6%         6d4       100%        6
 Summon Cactus Giant      Summ           4%         N/A       100%        6
 Enfeeble                 Hex            4%         N/A       100%        7
 Malign Gateway           Summ/Tloc      4%         N/A       100%        7
 Ozocubu's Refrigeration  Ice            4%         4d8       100%        7
 Ignition                 Fire           4%         3d4       100%        8
 Lehudib's Crystal Spear  Conj/Erth      6%         10d3      100%        8
 Summon Horrible Things   Summ           4%         N/A       100%        8
 Chain Lightning          Conj/Air       6%         3d8       100%        9
 Fire Storm               Conj/Fire      6%         8d2       100%        9
 Polar Vortex             Ice            4%         N/A       100%        9
 Shatter                  Erth           4%         3d7*      100%        9
 Animate Armour           Summ/Erth      Unusable   N/A       N/A         4

Dungeon Overview and Level Annotations

Branches:
Dungeon (15/15)            Temple (0/1) D:5            Lair (5/5) D:9
  Swamp (4/4) Lair:2        Snake (4/4) Lair:2        Slime (0/5) Lair:5
    Orc (2/2) D:10            Elf (2/3) Orc:2        Vaults (4/5) D:14
  Crypt (0/3) Vaults:3     Depths (0/4) D:15        Ossuary (visited)
  IceCv (visited)

Altars:
Cheibriados
Elyvilon
Fedhas
Gozag
Hepliaklqana
Kikubaaqudgha
Makhleb
Nemelex Xobeh
Okawaru
Ru
Sif Muna
Trog
Uskayaw
Vehumet
Wu Jian
Xom
Zin

Shops:
D:3 (   D:13 (   D:14 !   Orc:1 *?   Orc:2 [:=?   Elf:1 (   Vaults:1 (

Annotations:
Lair:3 exclusion: 3 oklob plants
Elf:2 Asterion


Innate Abilities, Weirdness & Mutations

You are a fearsome quicksilver dragon!
You have a powerful clawing attack.
Your giant scaled body is strong and resiliant, but less evasive.
Your breath weapon is enhanced in this form.
You are flying.
Your maximum health is greatly increased.
Your armour is entirely melded.
You are incapable of wielding weapons or throwing items.
You can breathe bolts of dispelling energy.
Your rich purple scales are hard. (AC +10)
You cannot fit into any form of body armour.
((You are cold-blooded and may be slowed by cold attacks.))
You are weak. (Str -2)


Message History

You feel strangely unstable.
You feel very sick.
The +4 halberd of venom completely misses you.
The +4 halberd of venom hits you from afar!!
Unknown command.
Unknown command.
Unknown command.
You hit the balrug.
The balrug is lightly wounded.
You feel very sick.
The +4 halberd of venom completely misses you.
Unknown command.
Asterion blocks your attack. x2; You bite Asterion!
Asterion is lightly wounded.
You feel sick.
The balrug hits you with a +0 demon whip!
You are engulfed in flames!!
* * * LOW HITPOINT WARNING * * *
Asterion misses you. Asterion gores you!
* * * LOW HITPOINT WARNING * * *
The deep elf zephyrmancer hits you but does no damage.
Asterion blocks your attack. x2
Asterion is lightly wounded.
You feel sick.
The +4 halberd of venom completely misses you.
Asterion hits you but does no damage. Asterion misses you.
The balrug hits you but does no damage.
Unknown command.
You bite Asterion!!
Asterion is moderately wounded.
You feel sick.
The +4 halberd of venom hits you from afar!!
* * * LOW HITPOINT WARNING * * *
Asterion hits you with a +2 spectral demon blade!!
* * * LOW HITPOINT WARNING * * *
Asterion gores you but does no damage.
The deep elf zephyrmancer hits you with a +0 long sword.
* * * LOW HITPOINT WARNING * * *
The +2 dire flail of venom hits you!
You die...

).).##..........)..##.....##*,,,,
.)..##.............##.....##*,,,,
...#..#...........#..#.....#**,,,
..#....#.........#....#....# **,,
.#......#.......#.)....#...# **,
#........#.....#........#..# **,,
..........#..(#((........#.#**,*,
...........###eHe(........##*,**,
...........# #.2D.........# ****,
...........#*#..).........#**,***
,,,,,,,,,,*...#..........#.**,**>
*,,,,,,,,#.....#........#.,**,,,,
,*,,,,,,*.......#......#.,,**,*,,
,,*,,,,*,........#....#..,,**,*,,
,,,*,,*,,.........#..#...,,****,,
,,,,**,,,..........##...,,******,
***********,,,************* *,**,


You could see Asterion (fast), a balrug (summoned), a deep elf knight (fast), a
deep elf zephyrmancer and 4 dancing weapons.

Vanquished Creatures
  A quicksilver dragon (Vaults:4)
  2 tengu reavers (Vaults:2)
  A thorn hunter (Swamp:4)
  Gastronok (D:11)
  2 sphinxes
  A storm dragon (Elf:1)
  Kirke (Lair:5)
  5 nagarajas
  3 frost giants (IceCv)
  A shadow dragon (Vaults:3)
  An iron dragon (Elf:1)
  An azure jelly (Elf:2)
  11 vault wardens
  A deep elf sorcerer (Elf:2)
  An orc warlord (Vaults:4)
  A war gargoyle (Vaults:3)
  2 stone giants
  7 ironbound thunderhulks
  5 very ugly things
  10 ironbound preservers
  2 deep elf demonologists
  15 dire elephants
  6 eleionomae
  A white draconian (IceCv)
  A deep elf annihilator (Vaults:2)
  3 bunyips
  Snorg (D:12)
  3 crystal guardians
  A deep elf death mage (Vaults:3)
  Josephine (Lair:5)
  7 yaktaur captains
  4 ettins
  3 entropy weavers
  2 deep elf high priests (Elf:1)
  A fire dragon (D:15)
  4 great orbs of eyes
  8 ice dragons
  A merfolk avatar (Lair:5)
  12 vault guards
  3 peacekeepers
  22 hydras
  2 ogre magi (Orc:2)
  A ghost crab (Swamp:4)
  11 ironbound frosthearts
  5 salamander tyrants
  8 centaur warriors
  14 anacondas
  2 boulder beetles (D:11)
  8 two-headed ogres
  15 naga warriors
  10 alligators
  An orc high priest (Elf:1)
  14 dancing weapons
  2 tengu warriors (D:15)
  10 shock serpents
  24 naga sharpshooters
  12 deep elf knights
  Nergalle (Orc:2)
  2 salamander mystics
  15 skeletal warriors
  5 spriggan druids
  7 sea snakes
  6 goliath frogs
  A glowing orange brain (Vaults:2)
  A bog body (Swamp:4)
  5 wizards
  22 deep trolls
  3 lindwurms
  4 naga ritualists
  4 harpies (Vaults:3)
  8 swamp dragons
  Pikel (D:8)
  5 deep elf archers (Elf:1)
  21 deep elf zephyrmancers
  An orange crystal statue (IceCv)
  19 ironbound convokers
  2 necromancers
  4 orc knights (Vaults:4)
  13 deep elf pyromancers
  14 mana vipers
  9 orc sorcerers
  A stone giant zombie (Vaults:4)
  3 will-o-the-wisps
  24 ugly things
  4 cyclopes
  28 salamanders
  3 manticores
  Joseph (D:8)
  A torpor snail (Lair:2)
  14 vault sentinels
  36 black mambas
  13 guardian serpents
  16 naga magi
  31 elephants
  14 cane toads
  2 gargoyles
  17 komodo dragons
  11 rime drakes
  4 freezing wraiths
  22 yaktaurs
  A yaktaur skeleton (Vaults:3)
  15 tyrant leeches
  6 trolls
  5 hornets
  17 polar bears
  A meliai (D:8)
  13 dream sheep
  A blink frog (shapeshifter) (Elf:1)
  18 blink frogs
  15 slime creatures
  A jumping spider (Vaults:2)
  6 spriggans
  An air elemental (Elf:1)
  49 yaks
  An ettin skeleton (Vaults:4)
  2 shadows
  5 wraiths
  9 wyverns
  Eustachio (D:4)
  3 basilisks
  A golden eye (shapeshifter) (Elf:1)
  A fire elemental (Elf:1)
  A hog (Lair:5)
  Grum (D:11)
  3 steam dragons
  14 vampire mosquitoes
  3 redbacks
  2 wargs
  A yaktaur simulacrum (Vaults:3)
  An acid dragon (D:10)
  A glowing shapeshifter zombie (Vaults:3)
  13 swamp worms
  An ogre skeleton (Vaults:4)
  38 nagas
  23 water moccasins
  8 swamp drakes (Swamp:4)
  An ice beast (D:5)
  A sky beast (D:7)
  13 orc warriors
  A black bear (D:5)
  4 boggarts (Vaults:1)
  16 wolves
  5 centaurs
  9 ogres
  4 lemures (D:8)
  2 elf zombies (D:5)
  6 kobold brigands
  9 bullfrogs
  4 necrophages (D:6)
  2 earth elementals (Elf:1)
  2 gnoll sergeants
  3 scorpions
  A water moccasin zombie (D:6)
  A wight (D:9)
  7 killer bees
  2 human simulacra
  5 electric eels
  6 jellies
  7 howler monkeys
  A bullfrog zombie (D:6)
  3 lava snakes (Lair:5)
  5 hounds
  4 human zombies
  13 orc priests
  Jessica (D:2)
  A human skeleton (D:5)
  6 hell rats (Lair:3)
  4 sleepcaps
  Natasha (thrice) (D:3)
  3 iguanas
  29 orc wizards
  A killer bee zombie (D:6)
  A mummy (Ossuary)
  21 gnolls
  5 adders
  A shadow imp (D:7)
  A white imp (D:7)
  3 worms
  2 dart slugs
  72 orcs
  3 spectral bats (Ossuary)
  5 ball pythons
  10 bats
  8 endoplasms
  5 giant cockroaches
  12 gnoll zombies (Ossuary)
  4 goblins
  8 hobgoblins
  16 jackals
  34 kobolds
  3 quokkas
  2 bat simulacra (Ossuary)
  4 frilled lizards
  3 goblin simulacra (Ossuary)
  3 goblin zombies (Ossuary)
  5 hobgoblin zombies (Ossuary)
  7 kobold simulacra (Ossuary)
  4 kobold zombies (Ossuary)
  7 orc zombies
  3 rats
  2 rat simulacra (Ossuary)
  5 spectral goblins (Ossuary)
  2 spectral kobolds (Ossuary)
  2 spectral rats (Ossuary)
1446 creatures vanquished.

Vanquished Creatures (collateral kills)
  Fannar (Lair:1)
  A two-headed ogre (D:9)
  The ghost of MackTheKnife the Slicer, a novice VSBe of Trog (D:9)
  A cane toad (Lair:1)
  A shadow (D:9)
5 creatures vanquished.

Vanquished Creatures (others)
  A deep elf knight (Elf:1)
  A deep elf zephyrmancer (Elf:1)
  3 bloated husks
  A spriggan (Swamp:4)
  A human (Lair:5)
  A swamp drake (Swamp:4)
  An orc wizard (Orc:2)
  An orc (Elf:1)
  6 bushes
  A fire vortex (Lair:2)
  12 foxfires
  46 fungi
  118 plants
  4 toadstools (D:1)
197 creatures vanquished.

Grand Total: 1648 creatures vanquished

Notes
Turn   | Place    | Note
-------+----------+-------------------------------------------
     0 | D:5      | sanka the Draconian Delver began the quest for the Orb.
     0 | D:5      | Reached XP level 1. HP: 19/19 MP: 1/1
   258 | D:5      | Reached XP level 2. HP: 2/27 MP: 2/2
   258 | D:5      | Reached XP level 3. HP: 2/33 MP: 3/3
   418 | D:5      | Reached skill level 4 in Unarmed Combat
   418 | D:5      | Reached XP level 4. HP: 37/40 MP: 4/4
   443 | D:5      | Found a sand-covered staircase.
   525 | Ossuary  | Entered an ossuary
   607 | Ossuary  | Reached XP level 5. HP: 46/46 MP: 5/5
  1309 | Ossuary  | Reached skill level 5 in Unarmed Combat
  1492 | D:5      | Reached XP level 6. HP: 28/52 MP: 6/6
  1702 | D:3      | Reached skill level 6 in Unarmed Combat
  1890 | D:3      | Found Baribryt's Weapon Boutique.
  1928 | D:3      | Noticed Natasha
  1937 | D:3      | Killed Natasha
  1943 | D:3      | Noticed Natasha
  2185 | D:2      | Found a faded altar of an unknown god.
  2199 | D:2      | Prayed at the altar of an unknown god.
  2199 | D:2      | Became a worshipper of Makhleb the Destroyer
  2199 | D:2      | Reached * piety under Makhleb
  2330 | D:2      | Identified the +10 dagger of Victory {freeze, Drain rC+
                  | rCorr Int+3}
  2744 | D:2      | Noticed Jessica
  2753 | D:2      | Killed Jessica
  3169 | D:1      | Reached ** piety under Makhleb
  3719 | D:3      | Killed Natasha
  3770 | D:3      | Reached skill level 5 in Stealth
  3770 | D:3      | Reached skill level 1 in Invocations
  3772 | D:3      | Noticed Natasha
  3774 | D:3      | Your scales start taking on a rich purple colour.
  3774 | D:3      | Reached XP level 7. HP: 40/58 MP: 6/8
  3788 | D:3      | Killed Natasha
  4037 | D:3      | Identified the +2 mace of Cubog {vamp, rC+ MP+9 Int+2
                  | Dex+3}
  4075 | D:3      | Found an iron altar of Okawaru.
  4303 | D:4      | Noticed Eustachio
  4311 | D:4      | Killed Eustachio
  4312 | D:4      | Reached skill level 5 in Invocations
  4354 | D:4      | Reached *** piety under Makhleb
  4545 | D:4      | Found a hazy altar of Hepliaklqana.
  4583 | D:4      | Identified the +9 hand axe "Killer Klown's Regret" {flame,
                  | rN+}
  4728 | D:4      | Reached XP level 8. HP: 49/55 MP: 11/11
  4880 | D:4      | Found a radiant altar of Vehumet.
  5027 | D:5      | Found a sparkling altar of Nemelex Xobeh.
  5067 | D:5      | Reached skill level 5 in Fighting
  5248 | D:5      | Found a staircase to the Ecumenical Temple.
  5273 | D:5      | Found an opulent altar of Gozag.
  5925 | D:6      | Found a sacrificial altar of Ru.
  5941 | D:6      | Reached skill level 5 in Dodging
  5991 | D:6      | Reached **** piety under Makhleb
  6055 | D:6      | Found an ornate altar of the Wu Jian Council.
  6056 | D:6      | Found a bloodstained altar of Trog.
  6141 | D:6      | Reached XP level 9. HP: 17/79 MP: 12/12
  6592 | D:6      | Identified a scroll of acquirement
  6763 | D:6      | Found a blossoming altar of Fedhas.
  6881 | D:7      | Learned a level 7 spell: Dragon Form
  7201 | D:7      | Found a white marble altar of Elyvilon.
  8149 | D:8      | Noticed Maurice
  8168 | D:8      | Maurice changed into Maurice the meliai
  8168 | D:8      | Noticed Maurice
  8174 | D:8      | Killed Maurice the meliai
  8350 | D:8      | Acquired 585 gold pieces
  8352 | D:8      | Acquired the ring "Peatto" {Wiz rF+ Slay+2 SInv}
  8373 | D:8      | Noticed an angel
  8374 | D:8      | Found a glowing silver altar of Zin.
  8427 | D:8      | Noticed Joseph
  8452 | D:8      | Killed Joseph
  8682 | D:8      | Reached XP level 10. HP: 78/91 MP: 15/15
  8923 | D:8      | Noticed Pikel
  9053 | D:8      | Killed Pikel
  9687 | D:9      | Found a runed translucent gate.
  9697 | D:9      | Found an ancient bone altar of Kikubaaqudgha.
  9705 | D:9      | Found a runed translucent gate.
  9705 | D:9      | Found a runed translucent gate.
  9707 | D:9      | Noticed MackTheKnife's ghost (novice VSBe)
  9755 | D:9      | Noticed a two-headed ogre
  9848 | D:9      | Killed a two-headed ogre
  9849 | D:9      | Reached skill level 10 in Fighting
 10090 | D:9      | Reached ***** piety under Makhleb
 10197 | D:9      | Noticed a two-headed ogre
 10348 | D:9      | Found a snail-covered altar of Cheibriados.
 10348 | D:9      | Found a shimmering altar of Xom.
 10408 | D:9      | Found a staircase to the Lair.
 10560 | D:9      | Killed a two-headed ogre
 10561 | D:9      | Reached XP level 11. HP: 95/99 MP: 17/17
 10774 | D:9      | Killed MackTheKnife's ghost
 10776 | D:9      | Reached skill level 10 in Dodging
 10781 | D:9      | Reached skill level 1 in Transmutations
 10939 | D:10     | Entered Level 10 of the Dungeon
 11247 | D:10     | Reached skill level 1 in Spellcasting
 11300 | D:10     | Found a staircase to the Orcish Mines.
 11439 | D:10     | Noticed a skeletal warrior
 11439 | D:10     | Noticed a skeletal warrior
 11515 | D:10     | Noticed a skeletal warrior
 11515 | D:10     | Noticed a skeletal warrior
 11515 | D:10     | Noticed a skeletal warrior
 11541 | Lair:1   | Entered Level 1 of the Lair of Beasts
 11729 | Lair:1   | Learned a level 5 spell: Blade Hands
 11939 | Lair:1   | Noticed Fannar
 11953 | Lair:1   | Killed Fannar
 11960 | Lair:1   | Reached skill level 5 in Transmutations
 12325 | Lair:1   | You fall into a shaft and drop 1 floor!
 12325 | Lair:2   | Found a staircase to the Snake Pit.
 12423 | Lair:1   | Reached skill level 5 in Spellcasting
 13981 | Lair:2   | Reached skill level 7 in Unarmed Combat
 14171 | Lair:2   | Found a staircase to the Swamp.
 14191 | Lair:2   | Reached XP level 12. HP: 72/106 MP: 15/19
 14763 | Lair:2   | Reached skill level 8 in Unarmed Combat
 15175 | Lair:2   | Reached skill level 10 in Transmutations
 15176 | Lair:2   | Noticed a four-headed hydra
 15469 | Lair:2   | Noticed a five-headed hydra
 15478 | Lair:2   | Killed a two-headed hydra
 15515 | Lair:2   | Reached skill level 9 in Unarmed Combat
 15874 | Lair:2   | Killed a one-headed hydra
 16096 | Lair:2   | Reached XP level 13. HP: 112/113 MP: 16/20
 16255 | Lair:3   | Reached ****** piety under Makhleb
 16292 | Lair:3   | Reached skill level 10 in Unarmed Combat
 16517 | Lair:3   | Identified the +8 spear of Slimy Blind Justice {drain,
                  | rPois rF++}
 17762 | Lair:4   | Found a hide-covered altar of Uskayaw.
 18308 | Lair:5   | Entered Level 5 of the Lair of Beasts
 18642 | Lair:5   | Reached skill level 15 in Transmutations
 18703 | Lair:5   | Reached XP level 14. HP: 122/122 MP: 11/21
 18835 | Lair:5   | Reached skill level 11 in Unarmed Combat
 18911 | Lair:5   | Noticed Josephine
 18917 | Lair:5   | Killed Josephine
 19080 | Lair:5   | Noticed Kirke
 19095 | Lair:5   | Killed Kirke
 19144 | Lair:5   | Found a staircase to the Slime Pits.
 19575 | Lair:5   | Identified the staff of poison "Taalet" {Contam rPois rN+
                  | Str+2}
 20168 | D:10     | Reached skill level 12 in Unarmed Combat
 20427 | Orc:1    | Entered Level 1 of the Orcish Mines
 20429 | Orc:1    | Found Sipaf's Magic Scroll Boutique.
 20488 | Orc:1    | Found Magugh's Overcharged Wands.
 20886 | Orc:2    | Entered Level 2 of the Orcish Mines
 21172 | Orc:2    | Found a staircase to the Elven Halls.
 21231 | Orc:2    | Gained mutation: You are weak. (Str -2) [mutagenic glow]
 21441 | Orc:2    | Found an ancient bone altar of Kikubaaqudgha.
 21442 | Orc:2    | Noticed Nergalle
 21450 | Orc:2    | Killed Nergalle
 21469 | Orc:2    | Found a radiant altar of Vehumet.
 21507 | Orc:2    | Found Suumi's Magic Scroll Emporium.
 21580 | Orc:2    | Found Zabrerch's Jewellery Shoppe.
 21590 | Orc:2    | Found Karebid's Antique Armour Emporium.
 21595 | Orc:2    | Found Huuf's Book Emporium.
 22149 | Orc:2    | Bought a scroll of blinking for 105 gold pieces
 22230 | Orc:1    | Bought a scroll of blinking for 135 gold pieces
 22332 | Orc:2    | Bought the amulet of Immorality {Will+ Regen+} for 681 gold
                  | pieces
 22332 | Orc:2    | Bought a +4 ring of protection for 576 gold pieces
 22332 | Orc:2    | Bought a +4 ring of protection for 576 gold pieces
 23027 | D:11     | Noticed Grum
 23039 | D:11     | Killed Grum
 23213 | D:11     | Identified the +6 spear "Wadeal" {distort, rC+}
 23276 | D:11     | Noticed Gastronok
 23283 | D:11     | Killed Gastronok
 23284 | D:11     | Reached XP level 15. HP: 134/134 MP: 21/25
 23842 | D:12     | Noticed Snorg
 23856 | D:12     | Killed Snorg
 23944 | D:12     | Identified the staff of death "Zion" {rF+ rC+ rN+ rCorr
                  | Int+3}
 24672 | D:13     | Found Loama's Weapon Emporium.
 24698 | D:13     | Identified the +5 morningstar of Tomorrow {antimagic,
                  | rPois}
 25196 | D:14     | Found Lexkuine's Distillery.
 25230 | D:14     | Bought a potion of haste for 140 gold pieces
 25230 | D:14     | Bought a potion of heal wounds for 70 gold pieces
 25230 | D:14     | Bought a potion of might for 56 gold pieces
 25230 | D:14     | Bought a potion of degeneration for 14 gold pieces
 25231 | D:14     | Bought a potion of berserk rage for 70 gold pieces
 25331 | D:14     | Found a gate to the Vaults.
 25625 | D:14     | Found an ornate altar of the Wu Jian Council.
 25788 | D:15     | Entered Level 15 of the Dungeon
 26085 | D:15     | Reached skill level 13 in Unarmed Combat
 26520 | D:15     | Found a staircase to the Depths.
 26690 | D:15     | Found a radiant altar of Vehumet.
 26916 | Snake:1  | Entered Level 1 of the Snake Pit
 27346 | Snake:1  | Identified the ring of the Messenger {+Blink rElec rPois
                  | Int-5}
 27518 | Snake:1  | Reached XP level 16. HP: 146/146 MP: 26/28
 27815 | Snake:1  | Reached skill level 14 in Unarmed Combat
 28286 | Snake:2  | Reached skill level 15 in Fighting
 29042 | Snake:2  | Reached skill level 15 in Unarmed Combat
 29418 | Snake:2  | Reached skill level 10 in Invocations
 30462 | Snake:2  | Learned a level 5 spell: Irradiate
 30588 | Snake:3  | Identified the +4 short sword "Hydrabane" {spect, rF+ rN+
                  | SInv}
 31404 | Snake:3  | Identified the +9 arbalest of Victory {freeze, rN+ Str-4
                  | Dex+2}
 31713 | Orc:2    | Bought a scroll of identify for 28 gold pieces
 31713 | Orc:2    | Bought a scroll of identify for 28 gold pieces
 31972 | Snake:4  | Entered Level 4 of the Snake Pit
 32083 | Snake:4  | Reached XP level 17. HP: 156/156 MP: 23/29
 32466 | Snake:4  | Reached skill level 15 in Invocations
 32856 | Snake:4  | Identified the +1 leather armour of Asuraod {rElec Int-4
                  | Dex+5 SInv}
 33330 | Snake:4  | Got a serpentine rune of Zot
 34125 | Swamp:1  | Entered Level 1 of the Swamp
 34545 | Swamp:1  | Found a shimmering blue altar of Sif Muna.
 35105 | Swamp:2  | Reached XP level 18. HP: 163/163 MP: 26/31
 35886 | Swamp:4  | Entered Level 4 of the Swamp
 36145 | Swamp:4  | Reached skill level 10 in Spellcasting
 36192 | Swamp:4  | Got a decaying rune of Zot
 36878 | Vaults:1 | Entered Level 1 of the Vaults
 37633 | Vaults:1 | Found Nayr's Weapon Emporium.
 38200 | Vaults:2 | Reached XP level 19. HP: 170/170 MP: 34/34
 38407 | Vaults:2 | Identified the ring of Haoh {rF+ SInv}
 38413 | Vaults:2 | Reached skill level 1 in Conjurations
 38514 | Vaults:2 | Identified the +3 mace of Nuggasm {holy, rPois rC- Str+5}
 39013 | Vaults:2 | You fall into a shaft and drop 1 floor!
 39028 | Vaults:3 | Reached skill level 16 in Unarmed Combat
 39328 | Vaults:3 | Found a staircase to the Crypt.
 39403 | Vaults:3 | Reached skill level 17 in Unarmed Combat
 39757 | Vaults:2 | Identified the +5 ring mail "Edicve" {Str+4}
 40597 | Vaults:4 | Identified the +9 arbalest of Eternal Night {speed, Dex+3}
 40741 | Vaults:4 | Reached skill level 18 in Unarmed Combat
 40944 | Vaults:4 | Reached XP level 20. HP: 178/178 MP: 30/36
 41551 | Vaults:4 | Reached skill level 19 in Unarmed Combat
 41891 | Elf:1    | Entered Level 1 of the Elven Halls
 42338 | Elf:1    | Found Lesizim's Weapon Shoppe.
 42504 | Elf:1    | Reached skill level 20 in Unarmed Combat
 42521 | Elf:1    | Found a runed translucent gate.
 42521 | Elf:1    | Found a runed translucent gate.
 42521 | Elf:1    | Found a runed translucent gate.
 42521 | Elf:1    | Found a runed translucent gate.
 42521 | Elf:1    | Found a runed translucent gate.
 42522 | Elf:1    | Found a runed translucent gate.
 42523 | Elf:1    | Paralysed by an air elemental for 1 turns
 43098 | Elf:2    | Found a frozen archway.
 43129 | IceCv    | Entered an ice cave
 43420 | IceCv    | Reached skill level 21 in Unarmed Combat
 43863 | Elf:2    | Noticed Asterion
 43882 | Elf:2    | HP: 10/267 [Asterion/+2 spectral demon blade (27)]
 43882 | Elf:2    | Mangled by a +2 dire flail of venom

Illustrated notes

Levels and vault maps discovered:
D:1:      ldierk_walled_garden_2, layout_basic,
          nicolae_concentric_dashed_squares_mild, minmay_small_reverse_x
D:2:      layout_basic, basic_ecumenical_altar, uniq_jessica
D:3:      cheibrodos_thug_alley, layout_basic, mainiacjoe_overflow_catwalk,
          serial_shops, shop, uniq_natasha
D:4:      layout_cave_pools, mainiacjoe_overflow_six_doors_small,
          nicolae_hepliaklqana_hazy_memory, nicolae_kite_square_tiling_tiny,
          uniq_eustachio
D:5:      layout_gridville, grunt_gozag_statues, nemelex_spade_bored_becter,
          minmay_temple_entry_sparse_star, nicolae_ossuary_entry_catacombs,
          minmay_misc_feat_columns
D:6:      layout_basic, fedhas_altar_decomposition,
          mainiacjoe_overflow_chevrons, mainiacjoe_overflow_divided_tiny
D:7:      layout_loops_cross, mainiacjoe_overflow_small_starburst
D:8:      layout_basic, zin_angel, grunt_ministairs_12, uniq_joseph,
          uniq_maurice, uniq_pikel
D:9:      layout_loops_ring, nicolae_overflow_two_pavilions,
          mainiacjoe_overflow_concentric_impassable, minmay_lair_entry_grove,
          gammafunk_ghost_spectres
D:10:     layout_rooms, david_orc_3
D:11:     layout_basic, uniq_grum, uniq_gastronok
D:12:     layout_loops_ring, uniq_snorg
D:13:     layout_long_grid, serial_shops, nicolae_shop_window_shopping
D:14:     layout_cave_pools, erik_vaults_2, serial_shops,
          nicolae_shop_rolling_square, nicolae_wu_jian_wuxing_cycle
D:15:     grunt_enter_depths_snipers, layout_loops_ring, lemuel_tele_altar,
          minmay_misc_feat_four_crosses
Lair:1:   layout_roguey, serial_bayou_shore_b, uniq_fannar
Lair:2:   nzn_winding_woodlands_medium [nzn_winding_woodlands_5x5_perimeter,
          nzn_winding_woodlands_5x15_sidewinder,
          nzn_winding_woodlands_hourglass, nzn_winding_woodlands_5x5_cross,
          nzn_winding_woodlands_center_pierced_h,
          nzn_winding_woodlands_5x5_checkerboard,
          nzn_winding_woodlands_5x5_open_star,
          nzn_winding_woodlands_5x15_default,
          nzn_winding_woodlands_5x5_default], layout_gridlike,
          minmay_swamp_entry_worms, nicolae_quartered_pool_impasse
Lair:3:   dpeg_oklob_gauntlet, layout_regular_city, beast_lair_carwin_10,
          grunt_megastairs_5
Lair:4:   layout_roguey, basic_altar, lemuel_fruit_tree, lemuel_fruit_fields
Lair:5:   gammafunk_lair_ancient_temple, layout_cave_pods,
          nicolae_slime_entry_field_trip, chequers_serial_rivers_marsh,
          nicolae_lair_liquid_snakes, uniq_kirke, uniq_josephine
Swamp:1:  nicolae_swamp_ascending_descending, layout_basic_swamp, basic_altar,
          swamp_pool5
Swamp:2:  layout_basic_swamp, wheals_swamp_sinkhole
Swamp:3:  layout_basic_swamp, evilmike_swamp_ruin_house_1, swamp_pool3
Swamp:4:  swamp, layout_basic_swamp, swamp_pool2, hangedman_swamp_cone
Snake:1:  nicolae_snake_nest, layout_gridlike
Snake:2:  layout_chambers, hangedman_snake_corridor_cut, grunt_megastairs_3,
          serial_bayou_shore_b
Snake:3:  nicolae_snake_shooting_gallery, layout_onion_interference
Snake:4:  grunt_snake_rune_pools, layout_cave_town, minmay_snake_pond
Orc:1:    layout_caves, serial_shops, nicolae_shop_stone, basic_altar,
          nicolae_shop_overcharged_wands
Orc:2:    kennysheep_orc_mage_school, layout_caves
Elf:1:    nicolae_elf_arrival_no_cutting_in_line, layout_geoelf_octagon,
          serial_shops, nicolae_shop_pleasant_corner_grove, orc_legates
Elf:2:    nicolae_elf_blades_splatter_lattice
          [nicolae_blade_entry_area_security], layout_loops_cross,
          portal_ice_cave_entry_frozen_things, uniq_asterion, uniq_nikola
Vaults:1: v_alt_pattern_6, nicolae_vaults_little_squares_4,
          nicolae_vaults_little_squares_6, layout_vaults_omnigrid, serial_shops,
          shop
Vaults:2: nicolae_vaults_octothorpe, vaults_room_boxed,
          nicolae_vaults_storing_the_good_stuff, grunt_vaults_funnel, v_misc_13,
          v_misc_9, dpeg_vaults_monster_box,
          nicolae_vaults_trapezoid_lopsided_3, grunt_vaults_focal,
          vaults_room_fours, layout_vaults_maze_snakey
Vaults:3: minmay_crypt_entry_nasty_monster, nicolae_vaults_specimen_jars,
          v_rooms_1, nicolae_vaults_angled_halls, ontoclasm_vaults_pinch,
          nicolae_vaults_storage_room_statues,
          nicolae_vaults_trapezoid_lopsided_3, ontoclasm_vaults_decontamination,
          nicolae_vaults_double_plus_2, nicolae_vaults_surprise_closet,
          vaults_room_hangedman_quadrants, layout_vaults_big_room
Vaults:4: v_alt_pattern_3, nicolae_vaults_thirteen_compartments,
          nicolae_vaults_trapezoid_1, hangedman_vaults_maws, v_misc_17,
          nicolae_vaults_more_shelving_2, vaults_dpeg_encased_lava,
          nicolae_vaults_offset_grid_hallway_1, nicolae_vaults_layer_cake_slice,
          nicolae_vaults_storage_room_glass, nicolae_vaults_yaktaur_gun_rack,
          v_misc_12, layout_vaults_ring

Skill      XL: |  1  2  3  4  5  6  7  8  9 10 11 12 13 14 15 16 17 18 19 20 |
---------------+-------------------------------------------------------------+-----
Dodging        | 2 3 5 7 9 10 | 10.0
Unarmed Combat | 4 5 6 7 9 10 12 13 15 18 21 | 21.5
Stealth        | 5 |  5.0
Invocations    | 2 5 7 9 13 18 | 18.0
Fighting       | 4 7 9 10 12 14 15 | 15.0
Transmutations | 8 11 15 17 19 20 | 20.0
Spellcasting   | 5 7 8 11 12 | 12.0
Conjurations   | 3 |  3.0

Action                     |  1- 3 |  4- 6 |  7- 9 | 10-12 | 13-15 | 16-18 | 19-21 || total
---------------------------+-------+-------+-------+-------+-------+-------+-------++-------
  Melee: Unarmed           |    66 |   456 |       |   194 |   775 |   921 |   643 ||  3055
         Tailslap          |    12 |    69 |    47 |   103 |   161 |   179 |   126 ||   697
         Punch             |     1 |    14 |    14 |    40 |    84 |   104 |    77 ||   334
         Dagger            |       |    20 |    82 |       |       |       |       ||   102
         Hand axe          |       |     1 |   240 |   327 |    53 |       |       ||   621
         Bite              |       |       |       |       |    84 |   145 |    99 ||   328
   Fire: Arbalest          |       |       |       |       |       |       |    15 ||    15
   Cast: Blade Hands       |       |       |       |    32 |    26 |       |       ||    58
         Dragon Form       |       |       |       |       |    67 |    78 |    43 ||   188
         Irradiate         |       |       |       |       |       |     1 |       ||     1
 Invoke: Lesser Servant of |       |       |     2 |     4 |       |       |       ||     6
         Minor Destruction |       |       |     1 |    11 |       |       |       ||    12
         Greater Servant o |       |       |       |       |       |     1 |       ||     1
Ability: Breathe Dispellin |       |       |       |     5 |     1 |     1 |       ||     7
         End Transformatio |       |       |       |     1 |       |     1 |       ||     2
  Evoke: Wand              |       |       |     8 |     2 |     1 |       |       ||    11
    Use: Potion            |     2 |       |     2 |     2 |       |       |     5 ||    11
         Scroll            |     1 |       |    11 |     2 |     2 |     8 |    10 ||    34
   Stab: Sleeping          |       |    33 |    10 |     4 |     3 |    10 |     3 ||    63
         Distracted        |       |       |     2 |     5 |     2 |     1 |       ||    10
         Confused          |       |       |       |       |       |     2 |       ||     2
 Armour: Skin              |     8 |   148 |    78 |   131 |   397 |   353 |   290 ||  1405
  Dodge: Dodged            |    16 |   271 |   277 |   488 |   616 |   707 |   439 ||  2814
